cohdb
Replays
Latest Replays
All Replays
Popular Replays
Top Player Replays
Match Explorer
How It Works
Community
CoH3 Stats
Reddit
Sign in to upload your games and track your stats! →
Sign in with Steam
Match 44793721
Unlisted
Match 44793721
Overview
Messages
Build Orders
End
Scout Squad
Selects Airborne Battlegroup
Selects Heavy Machine Gun Paradrop
Heavy Machine Gun Paradrop
Engineer Squad
Construct Weapon Support Center
M1919 Machine Gun Team
Infantry Support Center
Mortar Pit
M3 Armored Personnel Carrier
Selects Paratrooper Squad Paradrop
Paratrooper Squad Paradrop
M3 Armored Personnel Carrier
Bazooka Squad
Paratrooper Squad Paradrop
Selects Anti-tank Gun Team Paradrop
Anti-tank Gun Team Paradrop
Construct Motor Pool
M24 Chaffee Light Tank
Engineer Squad
M8 Greyhound Armored Car
dojerem
torq1
Dick "Magic Ears" Knubbler
Washine Wachine
Joraad
Honktavious
Marshlander
Great God
0
0
Comments
sign in to comment!
No comments posted yet!